[Event "December 12 Early 2023"]
[Site "https://www.chess.com"]
[Date "2023.12.12"]
[Round "2"]
[White "Hirneise, Jens"]
[Black "Georg, Heinz"]
[Result "1-0"]
[Board "151"]
[TimeControl "180+1"]
[WhiteFideId "24614734"]
[BlackFideId "4607295"]
[WhiteElo "2530"]
[BlackElo "2357"]
[WhiteTeam "GER"]
[BlackTeam "GER"]
[WhiteClock "0:01:07"]
[BlackClock "0:00:19"]

1. d4 f5 2. Nc3 Nf6 3. Bg5 d5 4. Bxf6 exf6 5. g3 Be6 6. Bg2 Nc6 7. e3 Qd7 8. Nge2 O-O-O 9. a3 h5 10. Nf4 Bf7 11. Nfxd5 h4 12. b4 hxg3 13. hxg3 Rxh1+ 14. Bxh1 Ne7 15. Nxe7+ Bxe7 16. Qf3 c6 17. b5 Bd5 18. bxc6 bxc6 19. Nxd5 cxd5 20. Rb1 Bxa3 21. Qe2 Qc6 22. Qd3 Qd6 23. Qxf5+ Kc7 24. c4 Bb4+ 25. Kf1 dxc4 26. Qb5 Rb8 27. Qxc4+ Kd7 28. Be4 a5 29. Kg2 Ke7 30. Bg6 Qe6 31. Qc7+ Qd7 32. Qxb8 Qc6+ 33. Kg1 1-0

[Event "December 12 Early 2023"]
[Site "https://www.chess.com"]
[Date "2023.12.12"]
[Round "2"]
[White "Aggelis, Nikolaos"]
[Black "Kleibel, Uwe"]
[Result "1-0"]
[Board "152"]
[TimeControl "180+1"]
[WhiteFideId "4213220"]
[BlackFideId "1270982"]
[WhiteElo "2528"]
[BlackElo "2356"]
[WhiteTeam "GRE"]
[BlackTeam "GER"]
[WhiteClock "0:00:43"]
[BlackClock "0:00:05"]

1. c4 e6 2. g3 d5 3. Bg2 Nf6 4. Nf3 Be7 5. O-O O-O 6. d4 c6 7. Nbd2 b6 8. b3 a5 9. Bb2 Bb7 10. Ne5 Nfd7 11. Nd3 Na6 12. e4 Rc8 13. Rc1 Nb4 14. Nxb4 axb4 15. cxd5 cxd5 16. Rxc8 Qxc8 17. exd5 Bxd5 18. Bxd5 exd5 19. Qb1 Qb7 20. Nf3 Bd6 21. Rc1 Rc8 22. Rxc8+ Qxc8 23. Qf5 Qc6 24. Ne5 Bxe5 25. dxe5 Nc5 26. Bd4 Ne6 27. Qd3 g5 28. Kg2 Kg7 29. Bb2 g4 30. f3 d4 31. Kf2 gxf3 32. Qxf3 Qc2+ 33. Qe2 Qf5+ 34. Kg2 d3 35. Qe3 Kg6 36. Bc1 Ng5 37. h4 Qe4+ 38. Kf2 Nh3+ 39. Ke1 Qh1+ 40. Kd2 Qg2+ 41. Kxd3 Nf2+ 42. Kc4 Qc6+ 43. Kxb4 Qc5+ 44. Qxc5 bxc5+ 45. Kc4 Kf5 46. Bf4 h5 47. Kxc5 Nd3+ 48. Kd4 Nxf4 49. gxf4 Kxf4 50. a4 Kg4 51. a5 Kxh4 52. a6 Kg4 53. a7 1-0

[Event "December 12 Early 2023"]
[Site "https://www.chess.com"]
[Date "2023.12.12"]
[Round "2"]
[White "Estrada Nieto, Julian"]
[Black "Vigoa Apecheche, Yanira"]
[Result "1-0"]
[Board "153"]
[TimeControl "180+1"]
[WhiteFideId "5101018"]
[BlackFideId "3507041"]
[WhiteElo "2528"]
[BlackElo "2353"]
[WhiteTeam "ESP"]
[BlackTeam "USA"]
[WhiteClock "0:00:26"]
[BlackClock "0:00:14"]

1. e4 c5 2. Nf3 Nc6 3. Bb5 g6 4. Bxc6 dxc6 5. d3 Bg7 6. h3 Nf6 7. Nc3 Nd7 8. Be3 e5 9. Qd2 Qe7 10. Bh6 f6 11. Bxg7 Qxg7 12. O-O-O h5 13. Nh2 Nf8 14. f4 Ne6 15. fxe5 fxe5 16. Nf3 Bd7 17. Ng5 Nd4 18. Rhf1 Be6 19. Ne2 Bg8 20. Nxd4 cxd4 21. Qa5 h4 22. Rf2 Rh5 23. Nf3 Qe7 24. Rdf1 b6 25. Qa4 Kd7 26. Nh2 a5 27. c3 b5 28. Qd1 dxc3 29. Ng4 Bxa2 30. Nf6+ Kc7 31. Nxh5 gxh5 32. Qxh5 Qb4 33. Qxe5+ Kb6 34. Qxc3 Qd6 35. Rf6 Qc7 36. Qd4+ Ka6 37. Qc5 Rc8 38. d4 Bc4 39. R1f2 Qd7 40. d5 Kb7 41. Rf7 cxd5 42. Rxd7+ Kb8 43. Qb6+ 1-0

[Event "December 12 Early 2023"]
[Site "https://www.chess.com"]
[Date "2023.12.12"]
[Round "2"]
[White "Bregu, Riza"]
[Black "Flores Quillas, Diego Saul Rodri"]
[Result "0-1"]
[Board "154"]
[TimeControl "180+1"]
[WhiteFideId "4701739"]
[BlackFideId "3822508"]
[WhiteElo "2352"]
[BlackElo "2527"]
[WhiteTeam "ALB"]
[BlackTeam "PER"]
[WhiteClock "0:00:32"]
[BlackClock "0:01:53"]

1. e4 c5 2. Nf3 d6 3. d4 cxd4 4. Nxd4 Nf6 5. Nc3 e6 6. Bg5 Be7 7. f4 h6 8. Bh4 Nxe4 9. Bxe7 Nxc3 10. Bxd8 Nxd1 11. Rxd1 Kxd8 12. Nb5 Nc6 13. Nxd6 Ke7 14. Be2 Rd8 15. Nxc8+ Raxc8 16. O-O Nd4 17. Bd3 Nxc2 18. Kf2 Nb4 19. Be4 f5 20. Bxb7 Rc2+ 21. Kg1 Rxb2 22. a3 Nd3 23. Bf3 Nxf4 24. Rxd8 Kxd8 25. Rd1+ Ke7 26. Rc1 g5 27. Rc7+ Kf6 28. Rxa7 g4 29. Bc6 Nd3 30. g3 Nf2 31. a4 Nh3+ 32. Kf1 Rxh2 33. a5 f4 34. a6 Rf2+ 35. Ke1 Ra2 36. Bb5 fxg3 37. Bc6 Nf4 38. Rh7 Rxa6 39. Rxh6+ Kg5 0-1

[Event "December 12 Early 2023"]
[Site "https://www.chess.com"]
[Date "2023.12.12"]
[Round "2"]
[White "Diaz, Fernando"]
[Black "Rogov, Matfey"]
[Result "1-0"]
[Board "156"]
[TimeControl "180+1"]
[WhiteFideId "3701255"]
[BlackFideId "44191308"]
[WhiteElo "2350"]
[BlackElo "2525"]
[WhiteTeam "PAR"]
[BlackTeam "RUS"]
[WhiteClock "0:01:34"]
[BlackClock "0:00:18"]

1. e4 e6 2. d4 d5 3. e5 Bd7 4. c3 a6 5. Nf3 Bb5 6. Bxb5+ axb5 7. O-O Nd7 8. Na3 c6 9. Nc2 Nb6 10. b3 Ne7 11. Bb2 Nf5 12. g4 Ne7 13. Nb4 h5 14. h3 hxg4 15. hxg4 Ng6 16. Nd3 Kd7 17. Qe2 Be7 18. Kg2 Rh6 19. Bc1 Rh7 20. Be3 Qh8 21. Nc5+ Bxc5 22. dxc5 Nc8 23. c4 Nxe5 24. Nxe5+ Ke8 25. Nf3 Ne7 26. Bf4 Ng6 27. Bg3 Ke7 28. cxd5 cxd5 29. Bd6+ Kd7 30. Qxb5+ Kc8 31. c6 1-0

[Event "December 12 Early 2023"]
[Site "https://www.chess.com"]
[Date "2023.12.12"]
[Round "2"]
[White "Sroczynski, Maciej"]
[Black "Luukkonen, Tommi"]
[Result "1-0"]
[Board "157"]
[TimeControl "180+1"]
[WhiteFideId "1121472"]
[BlackFideId "501808"]
[WhiteElo "2524"]
[BlackElo "2349"]
[WhiteTeam "POL"]
[BlackTeam "FIN"]
[WhiteClock "0:00:11"]
[BlackClock "0:00:09"]

1. d4 Nf6 2. c4 g6 3. Nc3 Bg7 4. e4 d6 5. Be2 O-O 6. Bg5 c5 7. d5 h6 8. Be3 e6 9. Nf3 exd5 10. cxd5 a6 11. a4 Nbd7 12. Nd2 g5 13. h4 Ne8 14. hxg5 hxg5 15. Bg4 Ne5 16. Bxc8 Rxc8 17. Qh5 Nf6 18. Qxg5 Re8 19. Qg3 Ng6 20. f4 Kf8 21. f5 Ne5 22. Bg5 Ke7 23. Nf3 Nd3+ 24. Kf1 Kd7 25. Rd1 c4 26. Rxd3 cxd3 27. e5 dxe5 28. Nxe5+ Rxe5 29. Qxe5 Qb6 30. Rh3 Re8 31. Qf4 Qxb2 32. Rxd3 Ne4 33. Nxe4 Qb1+ 34. Ke2 Qc2+ 35. Ke3 Be5 36. Qf2 Qc4 37. Qf3 Qc1+ 38. Rd2 Qc4 39. d6 Bc3 40. Rd3 Bb4 41. Be7 Bc5+ 42. Kf4 Bd4 43. Qd1 Bg7 44. Rb3 Bh6+ 45. Kf3 b5 46. axb5 axb5 47. Qd3 Qc1 48. Qxb5+ 1-0

[Event "December 12 Early 2023"]
[Site "https://www.chess.com"]
[Date "2023.12.12"]
[Round "2"]
[White "Gallegos Diaz, Carlos Alberto"]
[Black "Erzhanov, Arman"]
[Result "1-0"]
[Board "158"]
[TimeControl "180+1"]
[WhiteFideId "3900886"]
[BlackFideId "4138821"]
[WhiteElo "2349"]
[BlackElo "2523"]
[WhiteTeam "VEN"]
[BlackTeam "KAZ"]
[WhiteClock "0:00:36"]
[BlackClock "0:01:16"]

1. e4 d6 2. Nf3 Nf6 3. d3 e5 4. Be2 Nbd7 5. h3 Be7 6. O-O O-O 7. Re1 c6 8. c3 b5 9. b4 a5 10. a3 axb4 11. cxb4 d5 12. Bb2 d4 13. Nbd2 Nb6 14. Nxe5 Na4 15. Nxc6 Nxb2 16. Qb3 Qc7 17. Nxe7+ Qxe7 18. Qxb2 Rd8 19. e5 Nd5 20. Bf3 Bb7 21. Qxd4 Qg5 22. Ne4 Qg6 23. Nd6 Rxd6 24. exd6 Qxd6 25. Re5 Rd8 26. Rae1 Kf8 27. Qc5 g6 28. Re8+ Kg7 29. Rxd8 Qxd8 30. Qd4+ f6 31. Rc1 Qa8 32. Rc5 Ne7 33. Rc7 Bxf3 34. Rxe7+ Kh6 35. Qf4+ g5 36. Qxf6+ 1-0

[Event "December 12 Early 2023"]
[Site "https://www.chess.com"]
[Date "2023.12.12"]
[Round "2"]
[White "Womacka, Mathias"]
[Black "Jakubowska, Anna"]
[Result "1-0"]
[Board "159"]
[TimeControl "180+1"]
[WhiteFideId "4611390"]
[BlackFideId "1121952"]
[WhiteElo "2521"]
[BlackElo "2348"]
[WhiteTeam "GER"]
[BlackTeam "POL"]
[WhiteClock "0:01:45"]
[BlackClock "0:01:55"]

1. e4 c6 2. d4 d5 3. Nd2 dxe4 4. Nxe4 Nf6 5. Nxf6+ exf6 6. Bc4 Bd6 7. Qe2+ Qe7 8. Qxe7+ Bxe7 9. Bf4 O-O 10. O-O-O Rd8 11. Ne2 Nd7 12. Ng3 Nb6 13. Bb3 a5 14. Rhe1 Bf8 15. Bc7 a4 16. Bxd8 axb3 17. axb3 Bg4 18. Bxb6 Bxd1 19. Rxd1 Bb4 20. c3 Bd6 21. Kc2 g6 22. Ne4 Be7 23. Bc5 Bd8 24. d5 f5 25. dxc6 fxe4 26. cxb7 Rb8 27. Rxd8+ Rxd8 28. Ba7 1-0

[Event "December 12 Early 2023"]
[Site "https://www.chess.com"]
[Date "2023.12.12"]
[Round "2"]
[White "Recuero Guerra, Javier"]
[Black "Tikhonov, Viacheslav"]
[Result "1-0"]
[Board "160"]
[TimeControl "180+1"]
[WhiteFideId "2254085"]
[BlackFideId "44196407"]
[WhiteElo "2348"]
[BlackElo "2521"]
[WhiteTeam "ESP"]
[BlackTeam "RUS"]
[WhiteClock "0:00:27"]
[BlackClock "0:00:00"]

1. e4 c5 2. Nf3 g6 3. c4 Nc6 4. d4 cxd4 5. Nxd4 Nf6 6. Nc3 Nxd4 7. Qxd4 d6 8. Be2 Bg7 9. O-O O-O 10. Qd1 Be6 11. Be3 Qa5 12. Rc1 Rfc8 13. b3 Qd8 14. Qd2 a6 15. f3 h5 16. Rfd1 Kh7 17. Nd5 Nxd5 18. cxd5 Bd7 19. a4 a5 20. Bd4 Bh6 21. Be3 Bg7 22. Rxc8 Rxc8 23. Rc1 e6 24. Rxc8 Bxc8 25. Bc4 e5 26. Bd3 f5 27. exf5 gxf5 28. Qc2 Qf8 29. Qc7 Kh8 30. Bg5 e4 31. Be2 Bd4+ 32. Kf1 f4 33. fxe4 Bg4 34. Qd8 Qxd8 35. Bxd8 Bd7 36. Bxa5 h4 37. h3 Kg7 38. Be1 f3 39. Bxf3 b5 40. a5 Bb2 41. a6 Bd4 42. Bf2 1-0

[Event "December 12 Early 2023"]
[Site "https://www.chess.com"]
[Date "2023.12.12"]
[Round "2"]
[White "Skurikhin, Dmitrij"]
[Black "Goltseva, Ekaterina"]
[Result "0-1"]
[Board "161"]
[TimeControl "180+1"]
[WhiteFideId "4161297"]
[BlackFideId "24173770"]
[WhiteElo "2345"]
[BlackElo "2519"]
[WhiteTeam "RUS"]
[BlackTeam "RUS"]
[WhiteClock "0:00:00"]
[BlackClock "0:02:18"]

1. d4 e6 2. Nf3 Nf6 3. c4 b6 4. a3 Ba6 5. Qc2 Bb7 6. Nc3 c5 7. d5 exd5 8. cxd5 Nxd5 9. Nxd5 Bxd5 10. e4 Be6 11. Bd3 Be7 12. O-O Nc6 13. Qb3 Bxb3 0-1

[Event "December 12 Early 2023"]
[Site "https://www.chess.com"]
[Date "2023.12.12"]
[Round "2"]
[White "Teterev, Vitaly"]
[Black "Zhuk, Valeriy"]
[Result "1-0"]
[Board "162"]
[TimeControl "180+1"]
[WhiteFideId "13501429"]
[BlackFideId "24151254"]
[WhiteElo "2519"]
[BlackElo "2344"]
[WhiteTeam "BLR"]
[BlackTeam "RUS"]
[WhiteClock "0:00:15"]
[BlackClock "0:00:00"]

1. e4 e6 2. d4 d5 3. Nc3 Bb4 4. e5 Ne7 5. Bd2 O-O 6. Nf3 b6 7. Bd3 h6 8. Ne2 Bxd2+ 9. Qxd2 Ba6 10. Bxa6 Nxa6 11. O-O-O c5 12. g4 Nb4 13. Kb1 Nbc6 14. h4 cxd4 15. h5 Qc7 16. g5 Nf5 17. Rhg1 hxg5 18. Rxg5 Nxe5 19. Nxe5 Qxe5 20. Rdg1 Kh8 21. Ng3 Rg8 22. Nxf5 exf5 23. Qd3 Rae8 24. a4 g6 25. hxg6 fxg6 26. Qh3+ Kg7 27. Rxg6+ Kf7 28. Qh7+ 1-0

[Event "December 12 Early 2023"]
[Site "https://www.chess.com"]
[Date "2023.12.12"]
[Round "2"]
[White "Buscar, Michael"]
[Black "Gavrilov, Maxim"]
[Result "0-1"]
[Board "163"]
[TimeControl "180+1"]
[WhiteFideId "2603616"]
[BlackFideId "24271454"]
[WhiteElo "2341"]
[BlackElo "2517"]
[WhiteTeam "CAN"]
[BlackTeam "RUS"]
[WhiteClock "0:00:00"]
[BlackClock "0:00:04"]

1. Nf3 d5 2. d4 Nf6 3. c4 c6 4. g3 Bf5 5. Bg2 e6 6. b3 Nbd7 7. O-O h6 8. Bb2 Be7 9. Nbd2 O-O 10. Ne5 Qc7 11. Nxd7 Nxd7 12. e4 dxe4 13. Bxe4 Bxe4 14. Nxe4 Rad8 15. Qe2 Rfe8 16. Rad1 a5 17. Qf3 a4 18. Rd3 Qa5 19. Rfd1 Nb6 20. Kg2 f5 21. Nc3 Bf6 22. Ne2 axb3 23. axb3 Qb4 24. Bc3 Qa3 25. Ra1 Qxb3 26. Ba5 Qb2 27. Raa3 Nxc4 28. Rab3 Qc2 29. Bxd8 Rxd8 30. Rxb7 Ne5 31. Rc3 Nxf3 32. Kxf3 Qd1 33. Rxc6 Rxd4 0-1

[Event "December 12 Early 2023"]
[Site "https://www.chess.com"]
[Date "2023.12.12"]
[Round "2"]
[White "Play, Gilles"]
[Black "Harriott, Tyrell"]
[Result "1-0"]
[Board "164"]
[TimeControl "180+1"]
[WhiteFideId "45130892"]
[BlackFideId "2086484"]
[WhiteElo "2517"]
[BlackElo "2341"]
[WhiteTeam "FRA"]
[BlackTeam "USA"]
[WhiteClock "0:01:42"]
[BlackClock "0:00:13"]

1. e4 d5 2. exd5 Nf6 3. d4 Qxd5 4. Nc3 Qa5 5. Nf3 Ne4 6. Bd3 Nxc3 7. bxc3 Bg4 8. O-O e6 9. Rb1 b6 10. h3 Bh5 11. Rb5 Qxc3 12. Rxh5 c6 13. Re1 Be7 14. Bd2 Qa3 15. Ne5 g6 16. Bxg6 fxg6 17. Nxg6 Rg8 18. Nxe7 Qxe7 19. Rhe5 Qg7 20. Rxe6+ Kd7 21. Qf3 Kc8 22. Rxc6+ Kd8 23. Rd6+ Kc7 24. Bf4 Kc8 25. Qxa8 Qb7 26. Rc6+ Qxc6 27. Qxb8+ Kd7 28. Qxg8 Qf6 29. Qe8# 1-0

[Event "December 12 Early 2023"]
[Site "https://www.chess.com"]
[Date "2023.12.12"]
[Round "2"]
[White "Evdokimov, Alexey"]
[Black "Baziuk, Vladyslav"]
[Result "1/2-1/2"]
[Board "165"]
[TimeControl "180+1"]
[WhiteFideId "24162450"]
[BlackFideId "34107940"]
[WhiteElo "2340"]
[BlackElo "2516"]
[WhiteTeam "RUS"]
[BlackTeam "UKR"]
[WhiteClock "0:00:39"]
[BlackClock "0:00:05"]

1. Nf3 c5 2. c4 Nc6 3. e3 Nf6 4. Nc3 g6 5. d4 cxd4 6. exd4 d5 7. cxd5 Nxd5 8. Bc4 Nxc3 9. bxc3 Bg7 10. O-O O-O 11. Re1 Bg4 12. h3 Bxf3 13. Qxf3 Nxd4 14. cxd4 Qxd4 15. Ba3 Qxc4 16. Rac1 Qxa2 17. Rxe7 Rfe8 18. Rxb7 a5 19. g3 Rac8 20. Rbc7 Rxc7 21. Rxc7 a4 22. Ra7 Qb3 23. Qxb3 axb3 24. Rb7 Re1+ 25. Kg2 Re8 26. Rxb3 h5 27. Bc5 Be5 28. Be3 Kg7 29. g4 hxg4 30. hxg4 Bf6 31. Kf3 g5 32. Rb5 Kg6 33. Rb6 Kg7 34. Bd2 Rd8 35. Be3 Kg6 36. Ke4 Re8+ 37. Kd3 Rd8+ 38. Kc4 Rc8+ 39. Kd5 Rd8+ 40. Kc6 Kg7 41. Kc7 Rd3 42. Ra6 Rd1 43. Ra5 Kg6 44. Kc6 Kg7 45. Bxg5 Bxg5 46. Rxg5+ Kf6 47. Rf5+ Kg6 48. Kc5 f6 49. f3 Rd2 50. Rd5 Rf2 51. Rd3 Kg5 52. Kd5 Kf4 53. Ke6 Rxf3 54. Rxf3+ Kxf3 55. Kf5 Kg3 56. g5 fxg5 57. Kxg5 1/2-1/2

[Event "December 12 Early 2023"]
[Site "https://www.chess.com"]
[Date "2023.12.12"]
[Round "2"]
[White "Filippova, Margarita"]
[Black "Pham, Le Thao Nguyen"]
[Result "0-1"]
[Board "166"]
[TimeControl "180+1"]
[WhiteFideId "34199680"]
[BlackFideId "12401226"]
[WhiteElo "2335"]
[BlackElo "2514"]
[WhiteTeam "RUS"]
[BlackTeam "VIE"]
[WhiteClock "0:00:00"]
[BlackClock "0:00:10"]

1. e4 c5 2. Nf3 e6 3. c3 d5 4. e5 Nc6 5. d4 cxd4 6. cxd4 Bd7 7. Nc3 a6 8. Be2 Nge7 9. O-O Nf5 10. a3 h5 11. b4 Be7 12. Bb2 g5 13. Na4 g4 14. Ne1 Ncxd4 15. Bxd4 Nxd4 16. Qxd4 Bxa4 17. Rc1 Qd7 18. f4 Bb5 19. Bxb5 axb5 20. Rc3 Rc8 21. Rf2 Rc4 22. Qd3 Qc6 23. Rfc2 O-O 24. g3 Rc8 25. Rxc4 dxc4 26. Qe3 Rd8 27. Rd2 Rxd2 28. Qxd2 Qd5 29. Qxd5 exd5 30. Nc2 Bd8 31. Kf2 Bb6+ 32. Ke2 d4 33. Kd2 f6 34. exf6 Kf7 35. Ne1 Kxf6 36. Ng2 Kf5 37. Nh4+ Ke4 38. Ng6 d3 39. Ne5 Be3+ 40. Kc3 Bd4+ 41. Kd2 Bxe5 42. fxe5 Kxe5 43. Ke3 Kd5 44. Kd2 Kd4 0-1

[Event "December 12 Early 2023"]
[Site "https://www.chess.com"]
[Date "2023.12.12"]
[Round "2"]
[White "Rangel, Daniel"]
[Black "Zeneli, Klendi"]
[Result "0-1"]
[Board "167"]
[TimeControl "180+1"]
[WhiteFideId "2124475"]
[BlackFideId "4706609"]
[WhiteElo "2514"]
[BlackElo "2332"]
[WhiteTeam "BRA"]
[BlackTeam "ALB"]
[WhiteClock "0:00:00"]
[BlackClock "0:00:17"]

1. d4 d5 2. c4 c6 3. Nc3 Nf6 4. Bg5 Ne4 5. Bd2 Nxd2 6. Qxd2 dxc4 7. e3 b5 8. Nf3 g6 9. a4 a6 10. g3 Bb7 11. Bg2 Bg7 12. O-O O-O 13. Ne1 Qb6 14. Nc2 Nd7 15. h4 c5 16. Bxb7 Qxb7 17. d5 Rfd8 18. e4 Nf6 19. Rfe1 Ng4 20. Rab1 Ne5 21. Kg2 Nd3 22. Re2 h5 23. Ne1 Nxe1+ 24. Rbxe1 b4 25. Nd1 Qd7 26. Qc2 c3 27. bxc3 Rdb8 28. cxb4 cxb4 29. Qb3 a5 30. Ne3 Rc8 31. Nc4 Qc7 32. Rc1 Bc3 33. Ne3 Qe5 34. Qb1 Rab8 35. Qd3 b3 36. Nc4 Qd4 37. Qxc3 b2 38. Qxd4 bxc1=Q 39. Nxa5 Qc5 40. Qxc5 Rxc5 41. Nc6 Ra8 42. a5 e6 43. Rd2 exd5 44. exd5 Kf8 45. Kf3 Ke8 46. Ke4 Kd7 47. Rb2 Kd6 48. Kd4 Rxd5+ 49. Kc4 Kxc6 50. Rb6+ Kc7 51. Kxd5 Rxa5+ 0-1

[Event "December 12 Early 2023"]
[Site "https://www.chess.com"]
[Date "2023.12.12"]
[Round "2"]
[White "Adamczyk, Zuzanna"]
[Black "Valle Luis, Leo"]
[Result "0-1"]
[Board "168"]
[TimeControl "180+1"]
[WhiteFideId "1187570"]
[BlackFideId "54577187"]
[WhiteElo "2332"]
[BlackElo "2514"]
[WhiteTeam "POL"]
[BlackTeam "ESP"]
[WhiteClock "0:00:00"]
[BlackClock "0:00:14"]

1. e4 c6 2. d4 d5 3. f3 e6 4. Nc3 Nf6 5. e5 Nfd7 6. Nce2 c5 7. c3 Nc6 8. f4 Qb6 9. Nf3 Be7 10. f5 cxd4 11. cxd4 exf5 12. Nf4 Bb4+ 13. Bd2 Ne7 14. a3 Bxd2+ 15. Qxd2 Nf8 16. a4 a6 17. a5 Qd8 18. Bd3 Ne6 19. O-O Nxf4 20. Qxf4 Be6 21. Rfc1 h6 22. h4 O-O 23. Ra3 Rc8 24. Rxc8 Bxc8 25. h5 Qc7 26. Nh4 b6 27. Bb1 bxa5 28. Rg3 Kh8 29. Bxf5 Nxf5 30. Nxf5 Bxf5 31. Qxf5 Qc1+ 32. Kh2 Qd1 33. e6 Qxd4 34. exf7 Qh4+ 35. Rh3 Qe7 36. Rf3 Qh4+ 37. Rh3 Qd8 38. Rg3 Qc7 39. Kh3 Qxf7 40. Qxf7 Rxf7 41. Ra3 Rf5 42. g4 Re5 43. Rxa5 Re3+ 44. Kh4 d4 45. Rxa6 Rb3 46. Rd6 d3 47. g5 hxg5+ 48. Kxg5 Kg8 49. Kg6 Kf8 50. Rd8+ Ke7 51. Rd4 Rb5 52. Kxg7 Rxh5 53. Rxd3 Rb5 54. b3 Ke6 55. Kg6 Ke5 56. Kg5 Ke4+ 57. Kf6 Kxd3 58. Ke6 Rxb3 59. Kd5 Rc3 60. Ke5 Rc4 0-1

[Event "December 12 Early 2023"]
[Site "https://www.chess.com"]
[Date "2023.12.12"]
[Round "2"]
[White "Korchynskyi, Mykola"]
[Black "Franchini, Gabriele"]
[Result "1-0"]
[Board "169"]
[TimeControl "180+1"]
[WhiteFideId "34138005"]
[BlackFideId "806790"]
[WhiteElo "2514"]
[BlackElo "2329"]
[WhiteTeam "UKR"]
[BlackTeam "ITA"]
[WhiteClock "0:00:44"]
[BlackClock "0:00:00"]

1. d4 d5 2. c4 e6 3. Nc3 Nf6 4. cxd5 exd5 5. Nf3 c6 6. Bf4 Bd6 7. Bg3 O-O 8. e3 Re8 9. Bd3 Bg4 10. O-O Bxg3 11. hxg3 Ne4 12. Qc2 Bf5 13. Nh4 g6 14. Nxf5 gxf5 15. Ne2 Qg5 16. Nf4 Nd7 17. Kh2 Ndf6 18. Bxe4 Ng4+ 19. Kg1 fxe4 20. Qb3 Re7 21. a4 h5 22. a5 a6 23. Ra4 h4 24. Nh3 Qh6 25. gxh4 Qxh4 26. Rb4 Re6 27. Rxb7 Rg6 28. Rb8+ Rxb8 29. Qxb8+ Kg7 30. Qf4 Qh5 31. Kh1 f6 32. Rc1 Qh4 33. Rxc6 Rh6 34. Kg1 Kg6 35. Qb8 Rh8 36. Qf4 Rd8 37. Qc7 Rh8 38. Rxa6 Rh5 39. Ra7 Rh7 40. Nf4+ Kg5 41. Ne6+ Kg6 42. Qxh7+ 1-0

[Event "December 12 Early 2023"]
[Site "https://www.chess.com"]
[Date "2023.12.12"]
[Round "2"]
[White "Manukyan, Artyom"]
[Black "De Arruda, Leandro Formes"]
[Result "1-0"]
[Board "170"]
[TimeControl "180+1"]
[WhiteFideId "13305786"]
[BlackFideId "22722009"]
[WhiteElo "2513"]
[BlackElo "2328"]
[WhiteTeam "ARM"]
[BlackTeam "BRA"]
[WhiteClock "0:01:52"]
[BlackClock "0:00:52"]

1. e4 e6 2. d4 d5 3. Bd3 dxe4 4. Bxe4 Nd7 5. Bf3 Ngf6 6. Ne2 Be7 7. O-O O-O 8. c4 c5 9. Nbc3 cxd4 10. Qxd4 a6 11. Bg5 Qa5 12. Qh4 Qb4 13. Ne4 Qxb2 14. Rad1 Qe5 15. Rfe1 h6 16. Nxf6+ Nxf6 17. Bf4 Qf5 18. Ng3 Qg6 19. Bd6 Bxd6 20. Rxd6 Qg5 21. Qd4 h5 22. h4 Qa5 23. Re5 Qxa2 24. Rg5 Qb1+ 25. Kh2 Bd7 26. Qxf6 g6 27. Nxh5 1-0

[Event "December 12 Early 2023"]
[Site "https://www.chess.com"]
[Date "2023.12.12"]
[Round "2"]
[White "Dubreuil, Julien"]
[Black "Devaev, Alexander"]
[Result "0-1"]
[Board "171"]
[TimeControl "180+1"]
[WhiteFideId "621285"]
[BlackFideId "4169395"]
[WhiteElo "2325"]
[BlackElo "2513"]
[WhiteTeam "FRA"]
[BlackTeam "RUS"]
[WhiteClock "0:00:23"]
[BlackClock "0:00:06"]

1. e4 c6 2. Nf3 d5 3. exd5 cxd5 4. Ne5 Nf6 5. d4 Bd7 6. Bd3 Nc6 7. Nxd7 Qxd7 8. c3 e6 9. O-O Bd6 10. Nd2 O-O 11. Re1 Rab8 12. Nf3 Qc7 13. g3 b5 14. Bg5 b4 15. Bxf6 gxf6 16. Nh4 Ne7 17. Rc1 bxc3 18. Qh5 Ng6 19. Rxc3 Qd7 20. Rc2 Rb4 21. Nf3 a5 22. h4 Rfb8 23. Qg4 f5 24. Qg5 Be7 25. Qh6 Bf8 26. Qg5 h6 27. Qd2 Bg7 28. h5 Ne7 29. Ne5 Qb7 30. b3 Rxd4 31. Nf3 Rb4 32. Rec1 Rc8 33. Rxc8+ Nxc8 34. Qe2 Nd6 35. Ne5 Ne4 36. Nc6 Rb6 37. Nxa5 Qa8 38. Bxe4 fxe4 39. Qd2 Ra6 40. b4 d4 41. Rc7 Qb8 42. Qc2 Ra8 43. Nc6 Qxc7 44. b5 Qb6 45. Ne7+ Kh8 46. Qxe4 Rf8 47. g4 Qxb5 48. g5 Qxg5+ 0-1

[Event "December 12 Early 2023"]
[Site "https://www.chess.com"]
[Date "2023.12.12"]
[Round "2"]
[White "Andrews, Todd"]
[Black "IranianCheetah"]
[Result "1/2-1/2"]
[Board "172"]
[TimeControl "180+1"]
[WhiteFideId "2012456"]
[WhiteElo "2513"]
[BlackElo "2320"]
[WhiteTeam "USA"]
[WhiteClock "0:00:13"]
[BlackClock "0:00:05"]

1. d4 d5 2. c4 c6 3. Nf3 Nf6 4. e3 Bf5 5. Nc3 e6 6. Nh4 Bg6 7. Qb3 Qb6 8. Nxg6 hxg6 9. Bd2 Bb4 10. Bd3 Bxc3 11. Bxc3 Qxb3 12. axb3 Nbd7 13. f3 O-O 14. e4 dxe4 15. fxe4 e5 16. dxe5 Ng4 17. Be2 Ngxe5 18. O-O-O Rfe8 19. h4 Nc5 20. Kc2 Nxe4 21. Bxe5 Rxe5 22. Rd7 Ng3 23. Rhd1 Rxe2+ 24. Kc3 b5 25. Rc7 Re3+ 26. Kb4 bxc4 27. bxc4 Rb8+ 28. Kc5 Rxb2 29. Rd8+ Kh7 30. Rxf7 Re5+ 31. Kxc6 Rb6+ 32. Kc7 Rc5+ 33. Kd7 Rb7+ 34. Kd6 Ne4+ 35. Ke6 Rxf7 36. Kxf7 Rxc4 37. Rd7 Ng3 38. Rxa7 Rxh4 39. Kf8 Rf4+ 40. Ke7 Nf5+ 41. Ke6 Rg4 42. Ra2 Ne3 43. Re2 Nxg2 44. Kf7 Rf4+ 45. Ke7 Nh4 46. Rh2 g5 47. Ke6 Kh6 48. Ke5 Kh5 49. Ra2 Rf6 50. Ra7 g6 51. Rh7+ Kg4 52. Kxf6 Nf3 53. Kxg6 Kf4 54. Rf7+ Kg3 55. Kh5 g4 56. Rg7 Nh2 57. Rg8 Kh3 58. Ra8 g3 59. Ra3 Nf1 60. Kg5 Kh2 61. Ra8 g2 62. Rh8+ Kg1 63. Kf4 Kf2 64. Rg8 Nd2 65. Rg7 Nf3 66. Rxg2+ Kxg2 1/2-1/2

[Event "December 12 Early 2023"]
[Site "https://www.chess.com"]
[Date "2023.12.12"]
[Round "2"]
[White "Dubnevych, Maksym"]
[Black "Eggleston, Thomas A"]
[Result "1-0"]
[Board "173"]
[TimeControl "180+1"]
[WhiteFideId "14184001"]
[BlackFideId "412139"]
[WhiteElo "2512"]
[BlackElo "2319"]
[WhiteTeam "UKR"]
[BlackTeam "ENG"]
[WhiteClock "0:01:47"]
[BlackClock "0:00:00"]

1. d4 e6 2. Nc3 f5 3. Nf3 Nf6 4. d5 Bd6 5. dxe6 dxe6 6. g3 O-O 7. Bg2 e5 8. O-O e4 9. Nd4 a6 10. f3 c5 11. Nb3 exf3 12. Bxf3 Nc6 13. Nd5 Ne4 14. c4 Ne5 15. Qc2 Ng5 16. Bg2 Be6 17. Be3 Rc8 18. Rad1 b5 19. cxb5 axb5 20. Nf4 Bc4 21. Nxc5 Bxc5 22. Bxc5 Qe8 23. Bxf8 Qxf8 24. b3 Bf7 25. Qxf5 1-0

[Event "December 12 Early 2023"]
[Site "https://www.chess.com"]
[Date "2023.12.12"]
[Round "2"]
[White "Baches Garcia, Guillermo"]
[Black "Sarkar, Justin"]
[Result "0-1"]
[Board "174"]
[TimeControl "180+1"]
[WhiteFideId "2209764"]
[BlackFideId "2010011"]
[WhiteElo "2509"]
[BlackElo "2315"]
[WhiteTeam "ESP"]
[BlackTeam "USA"]
[WhiteClock "0:00:05"]
[BlackClock "0:00:02"]

1. Nf3 f5 2. d4 Nf6 3. Bf4 d6 4. e3 g6 5. Bc4 Bg7 6. c3 e6 7. Qb3 Qe7 8. h3 Nc6 9. a4 O-O 10. a5 Kh8 11. a6 b6 12. Bb5 Nd8 13. Qa3 Nf7 14. Nbd2 Bd7 15. Be2 Rfe8 16. Bh2 e5 17. dxe5 dxe5 18. Qxe7 Rxe7 19. Nc4 Rae8 20. O-O-O Ba4 21. Rde1 Ne4 22. Rhf1 Rd7 23. Nfd2 Nc5 24. b4 Nd3+ 25. Bxd3 Rxd3 26. Nb1 Red8 27. Nb2 Bb5 28. Nxd3 Bxd3 29. Rh1 Bxa6 30. Rd1 Nd6 31. Nd2 Re8 32. Rhe1 Bd3 33. Nb1 e4 34. f3 Nc4 35. Bf4 Rc8 36. fxe4 fxe4 37. g4 c5 38. bxc5 Rxc5 39. Rg1 Kg8 40. Rg2 Rb5 41. Nd2 Bxc3 42. g5 Bb2# 0-1